 Dungeon Sprint DCSS version 0.21.1 (webtiles) character file.

336 Lapis the Blocker (level 6, 0/56 HPs)
             Began as a Gnoll Fighter on Feb 3, 2018.
             Killed by nerve-wracking pain
             ... invoked by Menkaure
              (5 damage)
             ... in the Dungeon (Sprint II: "The Violet Keep of Menkaure").
             The game lasted 00:00:30 (39 turns).

Lapis the Blocker (Gnoll Fighter)                     Turns: 39, Time: 00:00:30

Health: 0/56       AC:  8    Str: 20    XL:     6   Next: 54%
Magic:  5/12       EV: 11    Int: 11    God:
Gold:   243        SH: 11    Dex: 14    Spells: 14/14 levels left

rFire    . . .     SeeInvis .   a - +0 long sword
rCold    . . .     Gourm    .   c - +0 shield
rNeg     . . .     Faith    .   b - +0 scale mail
rPois    .         Spirit   .   (no helmet)
rElec    .         Reflect  .   (no cloak)
rCorr    .         Harm     .   (no gloves)
MR       .....     NoTele   +   (no boots)
Stlth    +.........             (no amulet)
HPRegen  0.18/turn              (no ring)
MPRegen  0.13/turn              (no ring)

@: berserk cooldown, hasted, very quick
A: distributed training, fangs 1, strong nose
a: no special abilities


You were in the Dungeon.
You were not hungry.

You visited 1 branch You collected 243 gold pieces.

Inventory:

Hand Weapons
 a - a +0 long sword (weapon)
 j - a +0 spear
Armour
 b - a +0 scale mail (worn)
 c - a +0 shield (worn)
Scrolls
 k - a scroll of blinking
Potions
 d - a potion of might
 e - a potion of curing
 i - 2 potions of magic
Comestibles
 f - a ration
 l - 3 chunks of flesh


   Skills:
 + Level 8.1 Fighting
 + Level 4.5 Short Blades
 + Level 6.5 Long Blades
 + Level 4.5 Axes
 + Level 4.5 Maces & Flails
 + Level 4.5 Polearms
 + Level 4.5 Staves
 + Level 4.5 Slings
 + Level 4.5 Bows
 + Level 4.5 Crossbows
 + Level 4.5 Throwing
 + Level 8.1 Armour
 + Level 4.5 Dodging
 + Level 4.5 Stealth
 + Level 8.1 Shields
 + Level 4.5 Unarmed Combat
 + Level 4.5 Spellcasting
 + Level 3.7 Conjurations
 + Level 3.7 Hexes
 + Level 3.7 Charms
 + Level 3.7 Summonings
 + Level 3.7 Necromancy
 + Level 3.7 Translocations
 + Level 3.7 Transmutations
 + Level 3.7 Fire Magic
 + Level 3.7 Ice Magic
 + Level 3.7 Air Magic
 + Level 3.7 Earth Magic
 + Level 3.7 Poison Magic
 + Level 5.0 Invocations
 + Level 4.5 Evocations


You had 14 spell levels left.
You didn't know any spells.

Dungeon Overview and Level Annotations

Branches:
Dungeon (1/1)

Altars:

Annotations:
D Menkaure


Innate Abilities, Weirdness & Mutations

Your experience applies equally to all skills.
You have very sharp teeth.
Your uncanny sense of smell can sniff out nearby items.


Message History

Menkaure points at you and mumbles some strange words.
Pain shoots through your body!
* * * LOW HITPOINT WARNING * * *
You hit Menkaure. You bite Menkaure, but do no damage.
Menkaure is almost destroyed.
You feel yourself speed up.
Menkaure calls on the powers of darkness!
Your body is wracked with pain!
* * * LOW HITPOINT WARNING * * *
Menkaure calls on the powers of darkness!
Your body is wracked with pain!
* * * LOW HITPOINT WARNING * * *
Unknown command.
Unknown command.
You barely miss Menkaure. Your bite misses Menkaure.
Menkaure is almost destroyed.
Menkaure sighs drily.
Menkaure points at you and mumbles some strange words.
Pain shoots through your body!
You die...

∆∆ ∆ ## .#∆ ∆
### .##
#+###.##..#∆
##.##...#..# ∆
∆ +.<.'.#.@..#
##.##...#M...#
#+###.##......≈
### ≈...§.≈
§≈≈≈§.§ ∆
≈≈≈≈≈§≈ ∆
§§§≈≈≈≈ ≈§§≈≈≈≈


You could see Menkaure.

Vanquished Creatures
  A merfolk siren (D)
1 creature vanquished.

Notes
Turn   | Place    | Note
-------+----------+-------------------------------------------
     0 | D        | Lapis the Gnoll Fighter began the quest for the Orb.
     0 | D        | Reached XP level 1. HP: 23/23 MP: 1/1
     3 | D        | Noticed a merfolk siren
    15 | D        | Killed a merfolk siren
    15 | D        | Reached skill level 5 in Invocations
    15 | D        | Reached XP level 2. HP: 11/32 MP: 1/7
    15 | D        | Reached XP level 3. HP: 13/37 MP: 1/9
    15 | D        | Reached XP level 4. HP: 16/44 MP: 1/10
    15 | D        | Reached XP level 5. HP: 17/49 MP: 1/11
    15 | D        | Reached XP level 6. HP: 20/56 MP: 1/12
    29 | D        | Noticed Menkaure
    39 | D        | Killed from afar by Menkaure

Skill      XL: |  1 |
---------------+----+-----
Fighting       | 8 |  8.1
Short Blades   | 4 |  4.5
Long Blades    | 6 |  6.5
Axes           | 4 |  4.5
Maces & Flails | 4 |  4.5
Polearms       | 4 |  4.5
Staves         | 4 |  4.5
Slings         | 4 |  4.5
Bows           | 4 |  4.5
Crossbows      | 4 |  4.5
Throwing       | 4 |  4.5
Armour         | 8 |  8.1
Dodging        | 4 |  4.5
Stealth        | 4 |  4.5
Shields        | 8 |  8.1
Unarmed Combat | 4 |  4.5
Spellcasting   | 4 |  4.5
Conjurations   | 3 |  3.7
Hexes          | 3 |  3.7
Charms         | 3 |  3.7
Summonings     | 3 |  3.7
Necromancy     | 3 |  3.7
Translocations | 3 |  3.7
Transmutations | 3 |  3.7
Fire Magic     | 3 |  3.7
Ice Magic      | 3 |  3.7
Air Magic      | 3 |  3.7
Earth Magic    | 3 |  3.7
Poison Magic   | 3 |  3.7
Invocations    | 5 |  5.0
Evocations     | 4 |  4.5

Action                   |  1- 3 |  4- 6 || total
-------------------------+-------+-------++-------
Melee: Long sword        |    10 |     7 ||    17
       Bite              |     2 |     4 ||     6
  Use: Potion            |     1 |     2 ||     3
Armor: Scale mail        |       |     1 ||     1
Dodge: Dodged            |     3 |     2 ||     5
Block: Shield            |     2 |     1 ||     3
       Rpst.: Long sword |     1 |       ||     1
